 Dungeon Crawl Stone Soup version 0.17-a0-1804-gf6433eb (webtiles) character file.

438 shakdrar the Shield-Bearer (level 7, -1/52 HPs)
             Began as a Formicid Fighter on Sept 11, 2015.
             Was a Follower of Ashenzari.
             Slain by an ogre
             ... wielding a +0 giant club
              (24 damage)
             ... on level 5 of the Dungeon.
             The game lasted 00:17:15 (4395 turns).

shakdrar the Shield-Bearer (Formicid Fighter)       Turns: 4395, Time: 00:17:16

Health: -1/52      AC:  7    Str: 22    XL:     7   Next: 21%
Magic:  7/7        EV:  9    Int:  8    God:    Ashenzari [*.....]
Gold:   260        SH: 11    Dex: 10    Spells: 0 memorised, 6 levels left

rFire  . . .     SeeInvis +     n - +3 blowgun
rCold  . . .     Clarity  .     b - +0 scale mail
rNeg   . . .     SustAt   .     c - +1 shield
rPois  .         Gourm    .     (helmet unavailable)
rElec  .         Spirit   .     (no cloak)
rCorr  +         Warding  .     (no gloves)
rMut   .         Stasis   +     (no boots)
MR     .....                    h - amulet of resist corrosion (curse)
Stlth  ..........               (no ring)
                                (no ring)

@: not resistant to hostile enchantments, extremely unstealthy
A: permanent stasis, dig shafts and tunnels, four strong arms, antennae 3
a: Dig, Shaft Self, Scrying, Renounce Religion


You were on level 5 of the Dungeon.
You worshipped Ashenzari.
Ashenzari was aware of your devotion.
You were not hungry.

You visited 1 branch of the dungeon, and saw 5 of its levels.

You collected 260 gold pieces.

Inventory:

Hand weapons
 a - a +2 war axe
 g - a +0 mace of protection
 n - a +3 blowgun (weapon)
Missiles
 j - 21 bolts
 o - 38 poisoned needles (quivered)
Armour
 b - a +0 scale mail (worn)
 c - a +1 shield (worn)
Jewellery
 h - a cursed amulet of resist corrosion (around neck)
Magical devices
 p - a wand of flame (39)
Scrolls
 e - 2 scrolls of curse armour
 i - 6 scrolls of identify
 k - 3 scrolls of amnesia {unknown}
 l - a scroll of fog
 q - a scroll of recharging
Potions
 d - a potion of might
 f - a potion of flight
 m - a potion of heal wounds {unknown}
Comestibles
 r - a bread ration


   Skills:
 + Level 3.5 Fighting
 * Level 2.6 Axes
 - Level 6.1 Armour
 - Level 6.7 Shields


You had 6 spell levels left.
You didn't know any spells.

Dungeon Overview and Level Annotations

Branches:
Dungeon (5/15)             Temple (0/1) D:4

Altars:
Ashenzari
Dithmenos
Nemelex Xobeh
Vehumet
Xom

Annotations:
D:4 B1inky's ghost, experienced OpFE


Innate Abilities, Weirdness & Mutations

You are under a permanent stasis effect.
You can dig through walls and to a lower floor.
Your four strong arms can wield two-handed weapons with a shield.
You have a pair of large antennae on your head (SInv).


Message History

You closely miss the adder.
The adder is heavily wounded.
You block the adder's attack. The adder misses you.
You miss the adder.
The adder is heavily wounded.
The adder barely misses you. The adder closely misses you.
You hit the adder.
You kill the adder!
Drink which item? (? for menu, Esc to quit)
Okay, then.
Wield which item (- for none, * to show all)? (? for menu, Esc to quit)
n - a +3 blowgun (weapon)
The ogre hits you with a giant club!!
Firing (i - inventory):
o - 39 poisoned needles (quivered)
Press: ? - help, Shift-Dir - straight line, f/p - ogre
Aim: an ogre, wielding a giant club (lightly wounded)
You shoot a poisoned needle.
The poisoned needle barely misses the ogre.
The ogre hits you with a giant club!!
You die...

#.# ######........ #.#
####.....(....... #.#
#................
#.#####.###............
#.......#######.######
#######.......#.#
#.#####.#.# #(#...# #O#
#.#.#.#.#@###
########.#.#.#.#.....#
..........$........###
.............#.......
...........O<.........
######.#.#..............
.......#.####....##.##.#
########.. ........# .#
.... .......


You could see an ogre.

Vanquished Creatures
  The ghost of trelanon the Sneak, an average VSAs (D:3)
  An ogre (D:4)
  An orc wizard (D:4)
  A worker ant zombie (D:5)
  Robin (D:3)
  A gnoll (D:1)
  A shadow imp (D:4)
  9 adders
  An ooze (D:3)
  A worm (D:3)
  A giant gecko (D:2)
  5 orcs
  15 bats
  5 giant cockroaches
  9 hobgoblins
  16 jackals
  10 kobolds
  3 quokkas
  A ball python (D:3)
  A giant gecko skeleton (D:4)
  9 giant newts
  17 goblins
  6 rats
116 creatures vanquished.

Notes
Turn   | Place    | Note
--------------------------------------------------------------
     0 | D:1      | shakdrar the Formicid Fighter began the quest for the Orb.
     0 | D:1      | Reached XP level 1. HP: 18/18 MP: 1/1
   192 | D:1      | Reached XP level 2. HP: 21/24 MP: 2/2
   224 | D:1      | Reached skill level 4 in Shields
   351 | D:1      | Reached XP level 3. HP: 29/29 MP: 3/3
   405 | D:1      | Found a shattered altar of Ashenzari.
   431 | D:1      | Became a worshipper of Ashenzari the Shackled
  1013 | D:2      | Reached XP level 4. HP: 27/35 MP: 4/4
  1153 | D:2      | Found a shadowy altar of Dithmenos.
  1621 | D:2      | Reached skill level 5 in Shields
  1789 | D:2      | Reached XP level 5. HP: 36/41 MP: 5/5
  2299 | D:3      | Reached skill level 5 in Armour
  2388 | D:3      | Noticed Robin
  2412 | D:3      | Killed Robin
  2499 | D:3      | Noticed trelanon's ghost (average VSAs)
  2515 | D:3      | Killed trelanon's ghost
  2515 | D:3      | Reached skill level 6 in Shields
  2515 | D:3      | Reached XP level 6. HP: 27/47 MP: 6/6
  2663 | D:3      | Found a sparkling altar of Nemelex Xobeh.
  3375 | D:4      | Found a staircase to the Ecumenical Temple.
  3383 | D:4      | Acquired Ashenzari's first power
  3519 | D:5      | Entered Level 5 of the Dungeon
  3672 | D:4      | Found a radiant altar of Vehumet.
  3672 | D:4      | Found a shimmering altar of Xom.
  3673 | D:4      | Noticed B1inky's ghost (experienced OpFE)
  3882 | D:4      | Reached XP level 7. HP: 32/52 MP: 7/7
  4395 | D:5      | Slain by an ogre

Vault maps used:
D:1:      eino_arrival_water_star, evilmike_ruin_ashenzari
D:2:      nicolae_dithmenos_shadow_blocks, minmay_misc_feat_cross
D:3:      nemelex_altar_shiori, first_bread, uniq_robin
D:4:      nicolae_overflow_hidden_temple, minmay_temple_entry_hall

Action                   |  1- 3 |  4- 6 |  7- 9 || total
-------------------------+-------+-------+-------++-------
Melee: War axe           |    51 |   234 |    33 ||   318
       Mace              |    77 |     3 |       ||    80
 Fire: Blowgun           |       |     3 |     2 ||     5
  Use: Scroll            |     4 |     6 |     1 ||    11
       Potion            |     1 |     1 |       ||     2
  Eat: Meat ration       |       |     1 |       ||     1
       Bread ration      |       |     2 |       ||     2
